 Dungeon Crawl Stone Soup version 0.14-a0-2381-g4cacdb4 (webtiles) character file.

305 HollowCharge the Slasher (level 5, -5/33 HPs)
             Began as a Tengu Fighter on Feb 2, 2014.
             Slain by a centaur (7 damage)
             ... on Level 5 of the Dungeon.
             The game lasted 00:10:46 (2692 turns).

HollowCharge the Slasher (Tengu Fighter)            Turns: 2692, Time: 00:10:46

HP  -5/33        AC 11     Str 16      XL: 5   Next: 71%
MP   7/7         EV  4     Int  9      God:
Gold 113         SH 18     Dex 14      Spells:  0 memorised,  4 levels left

rFire  . . .     SeeInvis .     a - +0 falchion
rCold  . . .     Clarity  .     l - +1 dwarf chain mail
rNeg   . . .     Conserve .     c - +0 shield
rPois  .         rCorr    .     (helmet restricted)
rElec  .         rRot     .     (no cloak)
SustAb . .       Spirit   .     (no gloves)
rMut   .         Warding  .     (boots unavailable)
Saprov . . .     Stasis   .     (no amulet)
MR     .....                    (no ring)
                                (no ring)

@: not resistant to hostile enchantments, extremely unstealthy
A: able to fly, beak, talons 3, mutation resistance 1
a: Fly


You were on level 5 of the Dungeon.
You were not hungry.

You visited 1 branch of the dungeon, and saw 5 of its levels.

You collected 113 gold pieces.

Inventory:

Hand weapons
 a - a +0,+0 falchion (weapon)
Armour
 c - a +0 shield (worn)
 l - a +1 dwarven chain mail (worn)
Comestibles
 d - 4 bread rations
 m - 2 chunks of worm flesh
Scrolls
 e - a scroll of recharging {unknown}
 f - a scroll of remove curse {unknown}
 g - a scroll of teleportation
 k - 2 scrolls of identify
 n - a scroll of enchant weapon I {unknown}
 q - a scroll of curse jewellery {unknown}
 r - a scroll of curse armour {unknown}
 t - 2 scrolls of random uselessness {unknown}
 u - 4 scrolls of enchant armour {unknown}
Potions
 h - a potion of agility
 i - a potion of might
 j - a potion of brilliance {unknown}
 o - 2 potions of resistance
 p - a potion of paralysis {unknown}
 v - a potion of curing {unknown}
Books
 w - a book of Hinderance

   Spells                             Type                      Level
   Confusing Touch                    Hexes                        1
   Slow                               Hexes                        2
   Confuse                            Hexes                        3
   Petrify                            Transmutation/Earth          4
   Leda's Liquefaction                Hexes/Earth                  4
   Metabolic Englaciation             Hexes/Ice                    6


   Skills:
 + Level 3.8 Fighting
 * Level 4.3 Long Blades
 + Level 4.2 Armour
 + Level 2.1 Dodging
 - Level 3.0 Shields


You had 4 spell levels left.
You didn't know any spells.

Dungeon Overview and Level Annotations

Branches:
Dungeon (5/16)
 Temple: D:4-7

Altars:


Innate Abilities, Weirdness & Mutations

You can fly.
You have a beak for a mouth.
You have claws for feet.
You are somewhat resistant to further mutation.


Message History

This raw flesh tastes terrible.
You continue eating.
You start resting.
HP restored.
Found 22 arrows.
A centaur comes into view.
The centaur shouts!
You start waiting.
The centaur wields a bow.
The centaur shoots an arrow.
The arrow hits you!
The centaur shoots an arrow.
The arrow hits you!
The centaur shoots an arrow.
The arrow hits you!
* * * LOW HITPOINT WARNING * * *
The centaur shoots an arrow.
You block the arrow.
You see here 2 arrows.
The centaur unwields an uncursed bow.
The centaur hits you.
* * * LOW HITPOINT WARNING * * *
You hit the centaur. You claw the centaur.
The centaur is heavily wounded.
The centaur hits you!
You die...

...#
#......##
>.....
#....###
......#
##...##
##...##
#....#
####
##...##
#...(#
#...##
#..(.##
##.@..#
#.c...#
###....#
.....#
##.(.#
.... #..
.


You could see a centaur.

Vanquished Creatures
  A quasit (D:5)
  A crimson imp (D:5)
  Ijyb (D:2)
  3 adders
  4 worms
  3 giant geckos
  2 orcs
  A ball python (D:2)
  8 bats
  6 hobgoblins
  4 jackals (D:3)
  2 kobolds
  A quokka (D:2)
  2 giant cockroaches (D:1)
  2 giant newts
  7 goblins
  9 rats
57 creatures vanquished.

Notes
Turn   | Place    | Note
--------------------------------------------------------------
     0 | D:1      | HollowCharge, the Tengu Fighter, began the quest for the Orb.
     0 | D:1      | Reached XP level 1. HP: 14/14 MP: 1/1
   179 | D:1      | Reached XP level 2. HP: 17/19 MP: 3/3
   594 | D:2      | Reached XP level 3. HP: 23/23 MP: 4/4
   708 | D:2      | Noticed Ijyb
   726 | D:2      | Killed Ijyb
   968 | D:2      | Reached skill level 1 in Dodging
  1032 | D:2      | Reached XP level 4. HP: 28/28 MP: 5/5
  1684 | D:3      | Gained mutation: You are somewhat resistant to further mutation. [potion of beneficial mutation]
  1922 | D:3      | Reached skill level 4 in Armour
  2345 | D:4      | Noticed an ogre
  2359 | D:5      | Entered Level 5 of the Dungeon
  2407 | D:5      | Reached XP level 5. HP: 28/32 MP: 7/7
  2684 | D:5      | Noticed a centaur
  2692 | D:5      | Slain by a centaur

Action                   |  1- 3 |  4- 6 || total
-------------------------+-------+-------++-------
Melee: Falchion          |    72 |   147 ||   219
  Use: Scroll            |       |     6 ||     6
       Potion            |       |     1 ||     1
